 Dungeon Crawl Stone Soup version 0.31-a0-981-geadf994542 (webtiles) character file.

Game seed: 16988569016934794458

662 thalassios the Conjurer (level 7, -9/55 HPs)
             Began as a Demigod Conjurer on Oct 31, 2023.
             Killed from afar by a steam dragon (16 damage)
             ... with a ball of steam
             ... on level 4 of the Dungeon.
             The game lasted 00:39:44 (4785 turns).

thalassios the Conjurer (Demigod Conjurer)          Turns: 4785, Time: 00:39:44

Health: -9/55      AC: 17    Str: 12    XL:     7   Next: 8%
Magic:  14/14      EV:  6    Int: 24    God:
Gold:   254        SH:  0    Dex: 12    Spells: 10/11 levels left

rFire   . . .        h - +2 dagger (protect)
rCold   . . .        (no shield)
rNeg    . . .        E - +0 chain mail
rPois   .            (no helmet)
rElec   .            (no cloak)
rCorr   .            (no gloves)
SInv    .            o - +0 pair of boots
Will    +....        (no amulet) Stlth
                     s - ring of willpower
HPRegen 0.29/turn    w - +4 ring of slaying
MPRegen 0.14/turn

%: no passive effects
@: under a protective aura
A: high MP 1, forlorn, divine attributes
a: no special abilities


You were on level 4 of the Dungeon.
You visited 1 branch of the dungeon, and saw 4 of its levels.

You collected 254 gold pieces.

Inventory:

Hand Weapons
 f - a +2 antimagic dagger
 h - a +2 dagger of protection (weapon)
 j - a +0 whip of flaming
 n - a +2 short sword of freezing
 p - a +0 dagger of holy wrath
 y - a +4 hand axe
 D - a +0 vampiric hand axe
Missiles
 C - 2 throwing nets
Armour
 g - a +0 robe
 o - a +0 pair of boots (worn)
 E - a +0 chain mail (worn)
Jewellery
 s - a ring of willpower (left hand)
 w - a +4 ring of slaying (right hand)
Talismans
 m - a flux talisman
Wands
 A - a wand of paralysis (4)
Scrolls
 a - 2 scrolls of enchant weapon
 c - 2 scrolls of torment {unknown}
 d - a scroll of immolation {unknown}
 k - a scroll of noise
 q - a scroll of summoning {unknown}
 r - a scroll of fear {unknown}
 t - 2 scrolls of enchant armour
 u - 2 scrolls of teleportation {unknown}
Potions
 b - a potion of cancellation
 e - a potion of mutation {unknown}
 i - a potion of brilliance {unknown}
 l - a potion of ambrosia {unknown}
 x - 3 potions of curing
 z - a potion of enlightenment {unknown}
 B - a potion of might {unknown}


   Skills:
 + Level 2.0 Fighting
 + Level 3.1 Short Blades
 + Level 0.9 Ranged Weapons
 + Level 2.6 Armour
 + Level 2.7 Dodging
 + Level 2.8 Stealth
 + Level 2.9 Spellcasting
 + Level 4.7 Conjurations


You had 10 spell levels left.
You knew the following spells:

 Your Spells              Type           Power      Damage    Failure   Level
a - Magic Dart            Conj           100%       1d8       36%         1

Your spell library contained the following spells:

 Spells                   Type           Power      Damage    Failure   Level
 Searing Ray              Conj           52%        2d6       50%         2
 Dazzling Flash           Conj/Hex       28%        N/A       96%         3
 Inner Flame              Hex/Fire       3%         N/A       100%        3
 Flame Wave               Conj/Fire      14%        2d6       100%        4
 Fulminant Prism          Conj/Hex       7%         3d7       100%        4
 Iskenderun's Mystic Bla  Conj/Tloc      14%        2d5       100%        4
 Sticky Flame             Conj/Fire      14%        2d4       100%        4


Dungeon Overview and Level Annotations

Branches:
Dungeon (4/15)
 Temple: D:4-7

Annotations:
D:4 1 transporter, mdonais's ghost, amateur OpRe


Innate Abilities, Weirdness & Mutations

You have an increased reservoir of magic. (+10% MP)
You shall have no god before yourself.
Your divine heritage dramatically boosts your attributes as you level up.


Message History

The steam dragon claws you but does no damage.
You puncture the scorpion!
You kill the scorpion!
Mdonais's ghost hits you. The steam dragon completely misses you.
The steam dragon claws you but does no damage.
You hit mdonais's ghost.
Mdonais's ghost is lightly damaged.
You hit mdonais's ghost.
Mdonais's ghost is lightly damaged.
Mdonais's ghost hits you but does no damage.
The steam dragon breathes steam at you. The ball of steam hits you.
You hit mdonais's ghost.
Mdonais's ghost is lightly damaged.
You are engulfed in a cloud of scalding steam.
Mdonais's ghost says, "Live by the sword, die by the sword."
Mdonais's ghost hits you but does no damage.
The steam dragon bites you but does no damage.
The steam dragon claws you but does no damage.
Your magical contamination has completely faded away.
You hit mdonais's ghost.
Mdonais's ghost is moderately damaged.
You are engulfed in a cloud of scalding steam.
Mdonais's ghost hits you but does no damage.
The steam dragon barely misses you.
The steam dragon claws you but does no damage.
You hit mdonais's ghost.
Mdonais's ghost is moderately damaged.
You are engulfed in a cloud of scalding steam.
Mdonais's ghost barely misses you. The steam dragon bites you!
The steam dragon claws you.
You hit mdonais's ghost.
Mdonais's ghost is heavily damaged.
You are engulfed in a cloud of scalding steam.
* * * LOW HITPOINT WARNING * * *
Mdonais's ghost hits you.
* * * LOW HITPOINT WARNING * * *
The steam dragon breathes steam at you. The ball of steam hits you!
You die...

...................#..........#
###....##.....................#
#......##.....................# #
#..#....#...#########........####
...###.....##.......##..##..####.
...###..#..#8..#.#..8#...#####.#.
...##...#..#..#...#..#....###....
...#....#..#.†.DW....#....##.....
..........©#....@§§.!#©.......#..
...........#....§.§.!#....).#.###
##......#..#(.#...#..#......#.# #
#..........#8..#.#..8#..##....###
..#.###....##©......##..##....#.#
....##......#########...###......
.....#..#...................>...#
##.###......................>....
##..#.............#........).....


You could see a steam dragon (catching breath) and mdonais's ghost.

Vanquished Creatures
  A black bear (D:4)
  2 ogres (D:4)
  A scorpion (D:4)
  A jelly (D:4)
  2 hounds (D:4)
  Robin (D:4)
  7 adders
  7 gnolls
  A worm (D:2)
  3 dart slugs
  9 orcs
  3 bats (D:1)
  10 endoplasms
  5 giant cockroaches
  10 hobgoblins
  6 jackals
  5 quokkas
  9 ball pythons
  2 frilled lizards
  13 goblins
  7 kobolds
  9 rats
114 creatures vanquished.

Vanquished Creatures (others)
  A jackal (D:4)
1 creature vanquished.

Grand Total: 115 creatures vanquished

Notes
Turn   | Place    | Note
-------+----------+-------------------------------------------
     0 | D:1      | thalassios the Demigod Conjurer began the quest for the
                  | Orb.
     0 | D:1      | Reached XP level 1. HP: 14/14 MP: 5/5
   245 | D:1      | Reached skill level 4 in Conjurations
   245 | D:1      | Reached XP level 2. HP: 20/20 MP: 4/7
   803 | D:1      | Reached XP level 3. HP: 26/26 MP: 6/8
  1421 | D:2      | Reached XP level 4. HP: 34/34 MP: 7/9
  2356 | D:3      | Reached skill level 1 in Short Blades
  2364 | D:3      | Reached skill level 1 in Fighting
  3309 | D:4      | Reached skill level 1 in Armour
  3309 | D:4      | Reached XP level 5. HP: 40/40 MP: 6/11
  3309 | D:4      | Noticed an ogre
  3320 | D:4      | Killed an ogre
  3628 | D:4      | Reached XP level 6. HP: 47/47 MP: 8/12
  3763 | D:4      | Noticed Robin
  3781 | D:4      | Killed Robin
  4324 | D:4      | Noticed a steam dragon
  4330 | D:4      | Found a transporter.
  4352 | D:4      | Noticed mdonais's ghost (amateur OpRe)
  4362 | D:4      | Found a transporter.
  4407 | D:4      | Reached XP level 7. HP: 29/55 MP: 12/14
  4785 | D:4      | Killed from afar by a steam dragon

Illustrated notes

Levels and vault maps discovered:
D:1:      nicolae_arrival_memento_mori, layout_rooms, minmay_surrounded
D:2:      layout_basic, chequers_serial_rivers_room_a, minmay_misc_feat_five,
          hangedman_abyss_or_decor_stabs, nicolae_the_louvre
D:3:      layout_basic
D:4:      layout_cave_pools, mainiacjoe_overflow_catwalk, gammafunk_ghost_arena,
          serial_bayou_lagoon_b, uniq_robin

Skill      XL: |  1  2  3  4  5  6 |
---------------+-------------------+-----
Conjurations   | 4 |  4.7
Stealth        | 2 |  2.8
Dodging        | 2 |  2.7
Spellcasting   | 2 |  2.9
Short Blades   | 1 2 3 |  3.1
Fighting       | 1 2 |  2.0
Armour         | 1 2 |  2.6
Ranged Weapons | |  0.9

Action                     |  1- 3 |  4- 6 |  7- 9 || total
---------------------------+-------+-------+-------++-------
  Melee: Unarmed           |     5 |       |       ||     5
         Dagger            |    62 |   113 |    10 ||   185
   Fire: Sling             |    16 |       |       ||    16
   Cast: Magic Dart        |    58 |    99 |       ||   157
    Use: Potion            |     2 |     1 |       ||     3
         Scroll            |     2 |     2 |       ||     4
   Stab: Sleeping          |     1 |       |       ||     1
 Armour: Robe              |    40 |       |       ||    40
         Leather armour    |    16 |    14 |       ||    30
         Ring mail         |       |    96 |       ||    96
         Chain mail        |       |     3 |    26 ||    29
  Dodge: Dodged            |    84 |    81 |     6 ||   171

Table legend: (Time is in decaauts)
 A = Elapsed time spent in this place.
 B = Non-inter-level travel time spent in this place.
 C = Inter-level travel time spent in this place.
 D = Time resting spent in this place.
 E = Time spent auto-exploring this place.
 F = Levels seen in this place.
 G = Mean time per level.
                   A        B        C        D        E       F      G
               +--------+--------+--------+--------+--------+-----+--------+
         Total |   4786 |   4607 |    179 |      0 |   1405 |   4 | 1196.5 |
       Dungeon |   4786 |   4607 |    179 |      0 |   1405 |   4 | 1196.5 |
               +--------+--------+--------+--------+--------+-----+--------+

Top non-repeatable levels by time:
     D:4: 1481 daAuts
     D:2: 1247 daAuts
     D:3: 1052 daAuts
     D:1: 1005 daAuts
